Map: Dusk Towers

Players

MCanning - Winner!

  • Race: Protoss Protoss
  • League: Grandmaster

oPZesty

  • Race: Zerg Zerg
  • League: Master

VOD

Have the link to the VOD?

Description

Time

  • Played on: Dec. 4, 2015, 1:07 a.m.
  • Length: 15:13
Show
View Real Time Build Order
Export as new Build Order

MCanning Protoss - Winner!

Build Orders: Nexus First 

Get SALT Encoding   

  12  0:05  Probe (Chrono Boost)  
  13  0:16  Probe (Chrono Boost)  
  14  0:23  Pylon  
  14  0:26  Probe (Chrono Boost)  
  15  0:42  Probe (Chrono Boost)  
  16  0:52  Probe (Chrono Boost)  
  17  1:01  Nexus  
  17  1:10  Gateway  
  17  1:13  Probe (Chrono Boost)  
  18  1:23  Probe (Chrono Boost)  
  19  1:26  Assimilator  
  19  1:31  Assimilator  
  19  1:34  Probe (Chrono Boost)  
  20  1:41  Pylon  
  20  1:44  Probe (Chrono Boost)  
  21  1:55  Probe (Chrono Boost)  
  21  1:59  Zealot  
  24  2:05  Probe (Chrono Boost)  
  24  2:06  Cybernetics Core  
  25  2:14  Probe (Chrono Boost)  
  26  2:16  Probe (Chrono Boost)  
  27  2:25  Probe (Chrono Boost)  
  27  2:26  Probe (Chrono Boost)  
  29  2:35  Probe (Chrono Boost)  
  31  2:37  Probe (Chrono Boost)  
  31  2:42  Stalker  
  31  2:43  Warp Gate (Chrono Boost)  
  33  2:46  Probe (Chrono Boost)  
  33  2:48  Mothership Core (Chrono Boost)  
  36  2:56  Probe (Chrono Boost)  
  36  2:57  Pylon  
  37  3:06  Probe (Chrono Boost)  
  37  3:07  Probe (Chrono Boost)  
  41  3:13  Sentry  
  41  3:17  Probe x2 (Chrono Boost)  
  43  3:22  Gateway  
  43  3:24  Gateway  
  43  3:27  Probe (Chrono Boost)  
  43  3:28  Probe (Chrono Boost)  
  43  3:29  Pylon  
  45  3:38  Probe x2 (Chrono Boost)  
  47  3:47  Probe (Chrono Boost)  
  47  3:48  Probe (Chrono Boost)  
  47  3:52  Robotics Facility  
  48  3:58  Probe  
  48  4:00  Probe  
  50  4:07  Nexus  
  50  4:08  Probe  
  50  4:12  Probe, Pylon  
  50  4:15  Pylon  
  52  4:19  Probe, Pylon  
  53  4:24  Probe  
  53  4:28  Forge  
  53  4:29  Probe  
  55  4:32  Assimilator  
  55  4:36  Probe, Assimilator  
  56  4:40  Probe (Chrono Boost), Observer (Chrono Boost)  
  56  4:42  Robotics Bay  
  58  4:45  Sentry  
  58  4:48  Probe (Chrono Boost)  
  58  4:49  Pylon  
  58  4:52  Probe (Chrono Boost)  
  62  4:59  Probe (Chrono Boost)  
  63  5:00  Observer  
  63  5:03  Stalker x2, Probe (Chrono Boost)  
  63  5:04  Protoss Ground Weapons Level 1 (Chrono Boost)  
  69  5:09  Gateway  
  69  5:10  Probe (Chrono Boost)  
  69  5:13  Probe (Chrono Boost)  
  71  5:15  Gateway  
  71  5:20  Probe (Chrono Boost)  
  73  5:21  Probe (Chrono Boost)  
  73  5:24  Probe (Chrono Boost)  
  74  5:28  Twilight Council  
  74  5:31  Probe x2 (Chrono Boost)  
  74  5:32  Stalker x2  
  80  5:36  Stalker  
  82  5:44  Disruptor (Chrono Boost)  
  82  5:46  Probe x2  
  82  5:48  Pylon  
  82  5:49  Probe, Assimilator  
  87  5:53  Assimilator  
  87  5:54  Pylon  
  88  5:58  Probe  
  88  5:59  Sentry  
  88  6:01  Probe  
  88  6:03  Probe  
  92  6:07  Pylon  
  92  6:10  Probe  
  94  6:12  Probe  
  94  6:14  Probe  
  94  6:15  Gateway  
  94  6:16  Disruptor (Chrono Boost)  
  99  6:18  Blink (Chrono Boost)  
  99  6:19  Gateway  
  99  6:22  Probe x2  
  99  6:23  Pylon  
  101  6:34  Dark Shrine  
  101  6:35  Probe  
  101  6:38  Gateway  
  102  6:40  Gateway  
  102  6:41  Stalker x4  
  110  6:47  Protoss Ground Weapons Level 2 (Chrono Boost)  
  110  6:48  Probe  
  111  6:55  Disruptor (Chrono Boost)  
  111  6:59  Photon Cannon  
  111  7:00  Photon Cannon  
  114  7:06  Adept x5  
  124  7:08  Probe  
  125  7:19  Pylon  
  125  7:20  Nexus  
  125  7:24  Pylon x2  
  125  7:26  Colossus (Chrono Boost)  
  125  7:27  Extended Thermal Lance  
  131  7:39  Photon Cannon  
  131  7:40  Photon Cannon  
  131  7:42  Adept x2  
  131  7:43  Adept, Pylon  
  137  7:51  Dark Templar  
  137  7:53  Dark Templar  
  137  7:56  Probe  
  137  7:57  Dark Templar  
  144  8:02  Probe  
  139  8:16  Probe  
  138  8:24  Colossus (Chrono Boost), Dark Templar  
  138  8:25  Dark Templar  
  142  8:34  Probe x2  
  145  8:35  Assimilator  
  145  8:40  Assimilator  
  145  8:41  Colossus  
  146  8:43  Adept x3  
  146  8:44  Adept x3  
  146  8:45  Resonating Glaives (Chrono Boost)  
  146  8:47  Gateway  
  158  8:48  Gateway  
  158  8:50  Probe  
  158  8:52  Gateway  
  159  8:57  Protoss Ground Weapons Level 3  
  159  8:59  Disruptor  
  159  9:02  Stalker x2  
  163  9:08  Colossus, Pylon  
  161  9:10  Pylon  
  161  9:12  Probe, Pylon  
  161  9:15  Robotics Facility  
  166  9:20  Zealot, Pylon  
  166  9:21  Zealot x5  
  166  9:23  Probe  
  179  9:27  Probe  
  179  9:31  Probe  
  181  9:32  Probe  
  181  9:37  Stalker x2  
  186  9:51  Probe  
  187  9:55  Stalker x2  
  187  9:56  Stalker x4  
  187  9:58  Disruptor  
  200  10:16  Probe  
  200  10:19  Adept x3  
  200  10:20  Adept  
  193  10:23  Probe  
  193  10:34  Immortal x2 (Chrono Boost)  
  192  10:50  Colossus (Chrono Boost)  
  192  10:53  Dark Templar x3  
  192  10:54  Dark Templar  
  192  10:55  Charge (Chrono Boost)  
  200  10:59  Archon x2  
  200  11:02  Pylon  
  200  11:06  Probe  
  200  11:10  Pylon  
  184  11:12  Stalker, Adept  
  184  11:13  Stalker x2, Pylon  
  186  11:22  Immortal (Chrono Boost), Pylon  
  186  11:23  Immortal (Chrono Boost)  
  186  11:24  Pylon  
  194  11:31  Probe  
  195  11:33  Photon Cannon  
  195  11:35  Photon Cannon  
  179  11:40  Protoss Ground Armor Level 1  
  179  11:41  Dark Templar x3  
  179  11:43  Nexus  
  179  11:45  Pylon  
  179  11:47  Pylon  
  179  11:53  Immortal (Chrono Boost)  
  183  12:02  Probe  
  184  12:08  Dark Templar  
  184  12:09  Dark Templar x5  
  184  12:13  Archon x3  
  196  12:16  Dark Templar  
  196  12:18  Probe  
  199  12:28  Photon Cannon  
  199  12:29  Photon Cannon  
  199  12:32  Photon Cannon  
  199  12:35  Stargate  
  199  12:36  Assimilator  
  199  12:38  Observer  
  199  12:41  Gateway  
  200  12:44  Gateway  
  200  12:47  Assimilator  
  160  13:06  Stalker  
  160  13:07  Stalker x2  
  160  13:08  Stalker x5  
  176  13:14  Probe  
  176  13:16  Probe  
  178  13:22  Probe  
  179  13:28  Dark Templar x3  
  179  13:30  Probe  
  179  13:33  Dark Templar  
  179  13:34  Dark Templar  
  190  13:35  Archon  
  190  13:39  Probe  
  191  13:43  Dark Templar x2  
  191  13:44  Archon  
  191  13:45  Dark Templar  
  191  13:47  Archon  
  197  13:49  Archon  
  197  13:51  Probe  
  197  13:52  Archon  
  197  13:54  Probe x2  
  190  14:22  Zealot  
  190  14:23  Zealot x3  
  190  14:24  Zealot x5  
  134  14:54  Probe  
  135  15:07  Stalker x2  
  135  15:08  Stalker x6  
  135  15:09  Stalker x3  
Show
View Real Time Build Order
Export as new Build Order

oPZesty Zerg 

Build Orders: Hatch First 

Get SALT Encoding   

  12  0:01  Drone  
  13  0:12  Overlord  
  13  0:17  Drone  
  14  0:31  Drone x2  
  14  0:34  Drone  
  17  0:52  Hatchery  
  17  0:55  Drone  
  17  1:08  Spawning Pool  
  17  1:11  Drone  
  17  1:16  Drone, Extractor  
  17  1:19  Drone  
  18  1:28  Drone  
  19  1:39  Overlord  
  19  1:55  Queen  
  19  1:56  Zergling x2  
  22  2:02  Zergling x2  
  22  2:04  Queen  
  22  2:05  Drone  
  26  2:13  Drone  
  27  2:17  Metabolic Boost  
  27  2:30  Hatchery  
  26  2:37  Drone  
  26  2:38  Drone  
  26  2:39  Overlord  
  28  2:45  Queen  
  30  2:52  Drone x2  
  30  2:53  Drone  
  30  2:57  Drone  
  34  3:01  Drone x2  
  36  3:06  Drone x2  
  37  3:17  Drone  
  38  3:26  Drone, Extractor  
  38  3:30  Drone x3  
  38  3:31  Drone  
  38  3:33  Extractor  
  41  3:40  Drone x2  
  43  3:47  Drone x2  
  45  3:49  Queen  
  45  3:55  Drone x2  
  49  4:01  Extractor  
  49  4:02  Evolution Chamber  
  47  4:06  Drone x2  
  47  4:08  Drone  
  47  4:09  Overlord x2  
  50  4:13  Lair  
  50  4:15  Evolution Chamber  
  49  4:28  Drone  
  49  4:30  Drone x3  
  53  4:31  Zerg Missile Weapons Level 1  
  53  4:35  Drone x3  
  53  4:36  Drone x6  
  62  4:40  Overlord  
  62  4:42  Zerg Ground Armor Level 1  
  62  4:48  Overlord x2  
  62  4:50  Drone  
  63  4:58  Zergling x2  
  63  5:08  Drone  
  63  5:09  Drone x9  
  63  5:12  Extractor  
  63  5:13  Extractor  
  71  5:14  Hydralisk Den  
  71  5:15  Overseer  
  70  5:43  Drone x2  
  70  5:44  Drone  
  70  5:47  Muscular Augments  
  70  5:48  Overlord x3  
  70  5:49  Hydralisk x4  
  81  5:57  Overlord  
  81  5:58  Overlord  
  81  6:00  Hatchery  
  80  6:05  Infestation Pit  
  80  6:06  Drone, Hydralisk  
  80  6:07  Hydralisk x6  
  94  6:15  Hydralisk x2  
  98  6:24  Hydralisk x3  
  104  6:34  Drone x2  
  104  6:35  Drone x2  
  104  6:36  Drone  
  104  6:38  Drone x2  
  104  6:39  Drone x2  
  113  6:41  Zerg Ground Armor Level 2  
  113  6:44  Extractor  
  112  6:47  Extractor  
  112  6:48  Hive  
  112  6:53  Overlord x5  
  111  7:08  Drone  
  111  7:12  Zerg Melee Weapons Level 1  
  111  7:15  Overlord  
  111  7:16  Overlord x2  
  111  7:21  Queen  
  111  7:22  Hatchery  
  112  7:28  Hydralisk x6  
  124  7:30  Zergling x6  
  124  7:36  Overseer  
  127  7:43  Zergling x2  
  127  7:44  Zergling x20  
  137  7:50  Zergling x2  
  139  7:57  Zergling x2  
  139  7:58  Zergling x10  
  133  8:18  Pneumatized Carapace  
  133  8:20  Overseer  
  133  8:27  Spore Crawler  
  132  8:38  Ultralisk Cavern  
  131  8:49  Overseer  
  131  8:50  Zergling x2  
  131  8:51  Zergling x10  
  137  8:56  Zergling x2  
  137  8:57  Zergling x4  
  135  9:18  Zerg Ground Armor Level 3, Zerg Melee Weapons Level 2  
  135  9:26  Overlord  
  135  9:27  Chitinous Plating  
  132  9:32  Ultralisk x8  
  174  9:58  Hatchery  
  172  10:00  Spire  
  164  10:19  Ultralisk x3  
  164  10:20  Zergling x2  
  164  10:21  Zergling x30  
  161  10:49  Ultralisk x2  
  149  11:12  Hatchery  
  146  11:18  Zerg Flyer Armor Level 1  
  146  11:28  Ultralisk x2  
  146  11:29  Queen x3  
  164  11:35  Hatchery  
  163  11:46  Hatchery  
  163  11:54  Hydralisk x4  
  171  12:05  Queen x2  
  173  12:35  Overlord x5  
  113  13:11  Infestor x3  
  119  13:13  Ultralisk  
  119  13:14  Ultralisk x4, Zergling x8  
  119  13:15  Zergling x2  
  119  13:16  Zergling x2  
  155  13:27  Ultralisk  
  161  13:44  Zergling x10  
  166  13:48  Hatchery  
  159  14:01  Queen x4  
  111  14:39  Zergling x2  
  111  14:40  Zergling x2  
Tags
 
Add a new tag
Caveats
  • Supply blocks, unpowered buildings, or Contaminate may cause inaccurate times.
  • Supply counts are checked every 10 seconds.